Introsp3ctive, chaotic female elven Wizard ----------- +..........# ###|.........|### ###-..<.....(| # --------- ### |.........| ### ##........| -------------- [## |.........| # # |.>.....| |.............### -.------.-- ######........| |............|### # #### # |.......| |.............# ### # ### |....`..| -------------- ### # --------- # ### ### # # # ### -.-.-------# |...[.....|# |.[@[......# |.........| ----------- Introsp3ctive the Magician Experience level: 12 Strength: 16 Dexterity: 16 Constitution: 16 Intelligence: 19 Wisdom: 15 Charisma: 10 Health: 71(71) Energy: 164(164) AC: -3 Gold: 0 Moves: 19769 Your Inventory: Amulets Q - an uncursed amulet of reflection (being worn) Weapons a - the blessed rustproof +1 Magicbane (weapon in hand) b - 5 blessed +1 daggers c - 4 uncursed +0 daggers of stealth (in quiver) d - 3 uncursed +0 daggers Armor A - an uncursed +0 helmet (being worn) E - an uncursed +0 pair of leather gloves (being worn) F - an uncursed +0 pair of high boots (being worn) Comestibles W - an [uncursed] K-ration Scrolls n - a blessed scroll of blank paper T - an uncursed scroll of blank paper Rings M - an uncursed +3 ring of increase damage (on right hand) Tools f - a blessed bag of holding o - an uncursed sack named Special p - an uncursed skeleton key q - an uncursed towel v - an uncursed +0 unicorn horn w - an uncursed magic whistle x - an uncursed magic marker [0:0] U - an uncursed leash Contents of the bag of holding: 1816 gold pieces an uncursed +0 mummy wrapping 2 uncursed [stale] eggs 6 uncursed food rations an uncursed tin of cave spider meat an uncursed scroll of destroy armor a blessed scroll of remove curse an uncursed potion of levitation an uncursed ring of see invisible an uncursed ring of stealth an uncursed ring of sustain ability an uncursed wand of digging (0:6) an uncursed wand of fire (0:1) an uncursed wand of magic missile (0:3) an uncursed wand of make invisible (0:5) an uncursed wand of speed monster (0:4) an uncursed wand of striking (0:8) an uncursed wand of undead turning (0:4) 7 [uncursed wax] candles an uncursed [+0] pick-axe [of fire] Contents of the sack named Special: 4 potions of holy water an uncursed wand of cancellation (0:4) an uncursed wand of teleportation (0:5) an uncursed looking glass [mirror] an [uncursed] stone called Luckstone [luckstone] Spells known in the end: Name Level Category Fail Memory a - force bolt 1 attack 0% [||||||||] b - healing 1 healing 0% [||||||||] c - wizard lock 2 matter 0% [||||||||] d - identify 3 divination 69% [||||||||] Your skills at the end: Fighting Skills Weapon Skills dagger [Expert / Expert] quarterstaff [Basic / Expert] Spellcasting Skills attack spells [Expert / Expert] healing spells [Skilled / Skilled] enchantment spells [Basic / Skilled] Final Attributes: You were piously aligned. Hunger level was 193. Your alignment was 108 / 108. Monster difficulty range was 0 - 8. Level difficulty was 5. You resisted fire. You resisted cold. You were immune to sleep. You resisted poison. You were magic-protected. You saw invisible. You were telepathic. You had infravision. You had a +3 damage bonus. You had reflection. Your luck was zero. You are dead (2nd time!). Vanquished creatures: a watch captain 2 giant mimics a giant mummy 2 small mimics a rodent of unusual size a xan 2 trolls a sasquatch 2 gelatinous cubes a large dog a flaming sphere a large cat 2 tigers 3 dwarf kings a tengu 2 ochre jellies an energy vortex a pit viper 3 pythons a carnivorous ape 8 ettin zombies a leather golem 3 soldiers a watchman 2 chameleons 2 giant beetles a quivering blob 3 cockatrices a wolf 4 winter wolf cubs a lynx a panther 2 leprechauns 2 iron piercers 2 mumakil 6 giant spiders 2 ice vortices a black light 5 vampire bats a gnome king an orc mummy a dwarf mummy 2 yetis 2 gold golems 2 lizards 4 dogs a dingo 2 jaguars 2 blue jellies a white unicorn 6 gray unicorns 2 ravens a snake a human zombie 5 soldier ants 3 fire ants 4 snow ants 3 water nymphs 2 mountain nymphs an orc shaman 2 enormous rats 3 rock moles 2 ponies 3 fog clouds 2 yellow lights a shrieker 2 violet fungi 17 gnome lords 8 gnomish wizards 4 kobold mummies 2 guardian naga hatchlings 3 gray oozes 2 elf zombies a ghoul 2 straw golems a paper golem 2 wax golems 2 baby crocodiles 8 giant ants 4 little dogs 6 floating eyes 3 kittens 21 dwarves 3 kobold lords 4 hill orcs 2 rothes a rabid rat a centipede 2 giant bats 7 orc zombies 3 dwarf zombies a wererat 2 werejackals 6 iguanas 32 killer bees 3 acid blobs 3 coyotes 3 gas spores 10 hobbits 2 manes 3 large kobolds 6 hobgoblins 6 giant rats 4 cave spiders 3 brown molds 2 yellow molds a green mold 2 red molds 91 gnomes 2 garter snakes 2 gnome zombies 6 geckos 9 jackals 3 foxes 3 kobolds 4 goblins 8 grid bugs 5 bats 2 lichens 3 kobold zombies 7 newts 483 creatures vanquished. Voluntary challenges: You used a wielded weapon 549 times. You read items or engraved 71 times. You put on armor 40 times. You never genocided any monsters. You never polymorphed an object. You never changed form. You used 3 wishes. You used 2 wishes for magical items. You did not wish for any artifacts. You wrote Elbereth's name 22 times. You never encountered a bones level. You used 9 Sokoban shortcuts. Dungeon overview: The Dungeons of Doom: levels 1 to 9 Level 1 a long staircase Level 2 (<>) Level 3 stairs to The Gnomish Mines Level 5 <- You were here an altar, a fountain Level 7 many fountains Level 8 stairs to Sokoban The Gnomish Mines: levels 4 to 11 Level 4 stairs to The Dungeons of Doom Level 6 many shops, a temple to Anhur, a magic chest, some fountains, many trees Sokoban: levels 5 to 7 Level 7 a magic chest stairs to The Dungeons of Doom History has recorded: On T:1 you entered the Dungeons of Doom to retrieve the Amulet of Yendor! On T:377 you advanced to experience level 2. On T:495 you reached level 2 of The Dungeons of Doom. On T:642 you advanced to experience level 3. On T:801 you reached level 3 of The Dungeons of Doom. On T:858 you advanced to experience level 4. On T:872 you reached level 1 of The Gnomish Mines. On T:899 you reached level 4 of The Dungeons of Doom. On T:1342 you advanced to experience level 5. On T:1553 you reached level 5 of The Dungeons of Doom. On T:1674 you advanced to experience level 6. On T:2118 you reached level 2 of The Gnomish Mines. On T:2147 you advanced to experience level 7. On T:3497 you reached level 3 of The Gnomish Mines. On T:3643 you advanced to experience level 8. On T:3724 you reached level 4 of The Gnomish Mines. On T:6010 you advanced to experience level 9. On T:7398 you reached level 6 of The Dungeons of Doom. On T:7913 you reached level 7 of The Dungeons of Doom. On T:8043 you reached level 8 of The Dungeons of Doom. On T:9156 you reached level 9 of The Dungeons of Doom. On T:9176 you advanced to experience level 10. On T:9294 you reached level 3 of Sokoban. On T:10238 you were saved from death by your amulet of life saving! On T:11757 you reached level 2 of Sokoban. On T:12505 you reached level 1 of Sokoban. On T:14532 you wished for "2 blessed scrolls of charging". On T:14533 you wished for "uncursed magic marker". On T:15570 you reached level 5 of The Gnomish Mines. On T:16123 you reached level 6 of The Gnomish Mines. On T:16558 you advanced to experience level 11. On T:16764 you reached level 7 of The Gnomish Mines. On T:16952 you reached level 8 of The Gnomish Mines. On T:17027 you advanced to experience level 12. On T:18283 you received Magicbane from Anhur. On T:18709 you wished for "chromatic dragon scales". Latest messages: You have much trouble removing g - a white unicorn corpse. You stagger under your heavy load. Movement is very hard. You hear the splashing of a naiad. A white unicorn corpse lands on the altar. Your movements are now unencumbered. Such an action is an insult to law! The voice of Ptah booms out: "Thou hast angered me." Suddenly, a bolt of lightning strikes you! It reflects from your medallion. Ptah is not deterred... A wide-angle disintegration beam hits you! Your cloak crumbles and turns to dust! Your stone dragon scale mail turns to dust and falls to the altar! Your shirt crumbles into tiny threads and falls apart! You fry to a crisp. Final status: Goodbye Introsp3ctive the Wizard... You died in The Dungeons of Doom on dungeon level 5 with 2403 points, and 1816 pieces of gold, after 19769 moves. You were level 12 with a maximum of 71 hit points when you died.